 Dungeon Crawl Stone Soup version 0.28.0-43-g3370ac3207 (webtiles) character file.

Game seed: 11719625892045915770

510 Peloso the Slasher (level 6, 0/55 HPs)
             Began as a Minotaur Fighter on Mar 18, 2022.
             Killed by divine providence
             ... invoked by an orc priest
              (15 damage)
             ... on level 4 of the Dungeon.
             The game lasted 00:04:23 (2961 turns).

Peloso the Slasher (Minotaur Fighter)               Turns: 2961, Time: 00:04:25

Health: 0/55       AC: 10    Str: 20    XL:     6   Next: 98%
Magic:  5/5        EV:  7    Int:  5    God:
Gold:   154        SH:  5    Dex: 12    Spells: 5/5 levels left

rFire   . . .      SeeInvis .   a - +2 long sword (holy)
rCold   . . .      Faith    .   c - +0 buckler
rNeg    . . .      Spirit   .   j - +0 chain mail
rPois   .          Reflect  .   (helmet restricted)
rElec   .          Harm     .   (no cloak)
rCorr   .          Rampage  .   (no gloves)
Will    .....                   (no boots)
Stlth   ..........              (no amulet)
HPRegen 0.18/turn               (no ring)
MPRegen 0.09/turn               (no ring)

@: flying (expiring), invisible
A: horns 2, retaliatory headbutt
a: no special abilities


You were on level 4 of the Dungeon.
You visited 1 branch of the dungeon, and saw 4 of its levels.

You collected 154 gold pieces.

Inventory:

Hand Weapons
 a - a +2 long sword of holy wrath (weapon)
Armour
 b - a +0 scale mail
 c - a +0 buckler (worn)
 j - a +0 chain mail (worn)
Jewellery
 f - a +6 ring of intelligence
Wands
 v - a wand of iceblast (9)
Scrolls
 g - a scroll of holy word {unknown}
 h - 6 scrolls of identify {unknown}
 k - a scroll of summoning {unknown}
 m - a scroll of fear {unknown}
 o - 2 scrolls of amnesia {unknown}
 q - a scroll of blinking {unknown}
 r - a scroll of vulnerability {unknown}
 t - a scroll of noise {unknown}
Potions
 d - 2 potions of might
 l - a potion of heal wounds {unknown}
 n - a potion of experience {unknown}
 p - a potion of curing {unknown}
 s - a potion of degeneration {unknown}
 u - a potion of mutation {unknown}


   Skills:
 + Level 4.9 Fighting
 + Level 6.2 Long Blades
 + Level 5.9 Armour
 + Level 1.0 Dodging
 + Level 4.5 Shields


You had 5 spell levels left.
You didn't know any spells.
Your spell library contained the following spells:

 Spells                   Type           Power      Damage    Failure   Level
 Petrify                  Tmut/Erth      0%         N/A       100%        4
 Metabolic Englaciation   Hex/Ice        0%         N/A       100%        5
 Statue Form              Tmut/Erth      0%         N/A       100%        6


Dungeon Overview and Level Annotations

Branches:
Dungeon (4/15)
 Temple: D:4-7

Altars:


Innate Abilities, Weirdness & Mutations

You have a pair of horns on your head.
You reflexively headbutt those who attack you in melee.


Message History

You block the hound zombie's attack.
The hound zombie bites you but does no damage.
The bullfrog skeleton hits you.
* * * LOW HITPOINT WARNING * * *
You block the hound zombie's attack.
The hound zombie bites you but does no damage.
The hound zombie bites you but does no damage.
You block the hound zombie's attack.
You barely miss the hound zombie.
The hound zombie is heavily damaged.
The hound zombie bites you but does no damage.
You hit the hound zombie.
The hound zombie convulses.
The hound zombie is heavily damaged.
The hound zombie bites you but does no damage.
You block the hound zombie's attack.
You barely miss the hound zombie.
The hound zombie is heavily damaged.
You hit the necrophage.
The necrophage convulses.
You headbutt the necrophage!
The necrophage is heavily damaged.
You slash the necrophage!
The necrophage convulses!
You destroy the necrophage!
The bullfrog skeleton barely misses you.
Your Long Blades skill increases to level 6!
You hit the bullfrog skeleton.
The bullfrog skeleton convulses.
The bullfrog skeleton is moderately damaged.
You are starting to lose your buoyancy.
The bullfrog skeleton hits you but does no damage.
The bullfrog skeleton barely misses you.
You slash the bullfrog skeleton!
The bullfrog skeleton convulses!
You destroy the bullfrog skeleton!
Your Dodging skill increases to level 1!
You hit the orc.
The orc is lightly wounded.
You strike the helpless orc from behind!
You hit the orc but do no damage.
The orc is lightly wounded.
The orc hits you but does no damage.
The orc priest invokes the aid of Beogh against you.
Beogh smites you!
You die...

##.....#.#...... ##.............
##.......##..#
########.....####...
#...................
############....#..#....# #.....#
#.....#.........#
#########.....###.##.##.#..#....#
........#..8.oZo@.#...........§.#
..............Z###....>.....§§§..
.........Z....####..#.>.....§§§.#
..........##..###.........≈.§§§..
..........#..###....##....≈≈§§§..
...............#.......#.≈≈≈§..##
.............(...†........≈≈≈≈P..
.....................##.#......##
.................8..###.#.......


You could see an orc priest, an orc, a hound zombie and 2 adder skeletons.

Vanquished Creatures
  A necrophage (D:4)
  2 orc priests
  A hound (D:4)
  4 scorpion zombies (D:4)
  Terence (D:2)
  Jessica (D:3)
  A bullfrog skeleton (D:4)
  A hound zombie (D:4)
  A hound skeleton (D:4)
  6 adders
  2 adder zombies (D:4)
  2 dart slugs (D:2)
  4 orcs
  4 ball pythons
  5 endoplasms
  4 giant cockroaches
  4 hobgoblins
  2 jackals (D:2)
  5 quokkas
  4 bats
  4 frilled lizards
  5 goblins
  A jackal skeleton (D:4)
  4 kobolds
  7 rats
76 creatures vanquished.

Notes
Turn   | Place    | Note
-------+----------+-------------------------------------------
     0 | D:1      | Peloso the Minotaur Fighter began the quest for the Orb.
     0 | D:1      | Reached XP level 1. HP: 19/19 MP: 0/0
   442 | D:1      | Reached XP level 2. HP: 25/27 MP: 1/1
   459 | D:1      | Found a faded altar of an unknown god.
  1202 | D:2      | Noticed Terence
  1209 | D:2      | Killed Terence
  1210 | D:2      | Reached skill level 3 in Long Blades
  1210 | D:2      | Reached XP level 3. HP: 20/33 MP: 2/2
  1597 | D:2      | Reached XP level 4. HP: 35/41 MP: 3/3
  1973 | D:3      | Reached skill level 4 in Long Blades
  2146 | D:3      | You fall into a shaft and drop 1 floor!
  2152 | D:4      | Reached skill level 5 in Armour
  2152 | D:4      | Reached XP level 5. HP: 43/47 MP: 4/4
  2211 | D:4      | Reached skill level 5 in Long Blades
  2211 | D:4      | Reached XP level 6. HP: 42/53 MP: 5/5
  2697 | D:3      | Noticed Jessica
  2705 | D:3      | Killed Jessica
  2958 | D:4      | Reached skill level 6 in Long Blades
  2960 | D:4      | Reached skill level 1 in Dodging
  2961 | D:4      | Killed from afar by an orc priest

Illustrated notes

Levels and vault maps discovered:
D:1:      shiori_shiawase, layout_basic, ebering_ecumenical_altar_sacrificial,
          palyth_stone_intersect
D:2:      layout_loops_ring, uniq_terence
D:3:      layout_rooms, serial_forest, infiniplex_forest_end_2,
          infiniplex_forest_corner_2, infiniplex_forest_straight_4,
          infiniplex_forest_lined_4_way, uniq_jessica
D:4:      layout_rooms, serial_undead, serial_undead_d, serial_undead_b,
          serial_undead_d, serial_undead_d, serial_undead_e, serial_undead_f

Skill      XL: |  1  2  3  4  5  6 |
---------------+-------------------+-----
Fighting       | 4 |  4.9
Armour         | 4 5 |  5.9
Long Blades    | 3 4 5 6 |  6.2
Shields        | 4 |  4.5
Dodging        | 1 |  1.0

Action                   |  1- 3 |  4- 6 || total
-------------------------+-------+-------++-------
Melee: Long sword        |    75 |   107 ||   182
       Headbutt          |     5 |    18 ||    23
  Use: Potion            |       |     2 ||     2
 Stab: Invisible         |       |     1 ||     1
Armor: Scale mail        |    15 |       ||    15
       Chain mail        |    21 |    89 ||   110
Dodge: Dodged            |    35 |    44 ||    79
Block: Buckler           |    19 |    42 ||    61
